 Dungeon Sprint DCSS version 0.27-a0-1322-gfdffb62a71 (webtiles) character file.

Game seed: 7742027011482530530

426 rocky1 the Blocker (level 7, -3/60 HPs)
             Began as a Formicid Fighter on June 23, 2021.
             Was an Elder of Cheibriados.
             Slain by a fire elemental (13 damage)
             ... summoned by a deep elf pyromancer
             ... in the Dungeon (Sprint VII: "The Pits").
             The game lasted 00:03:14 (669 turns).

rocky1 the Blocker (Formicid Fighter)                Turns: 669, Time: 00:03:15

Health: -3/60      AC: 13    Str: 32    XL:     7   Next: 18%
Magic:  11/11      EV: 12    Int: 18    God:    Cheibriados [****..]
Gold:   0          SH: 13    Dex: 20    Spells: 6/6 levels left

rFire    . . .     SeeInvis +   b - +1 hand axe (freeze)
rCold    . . .     Faith    .   c - +0 kite shield
rNeg     . . .     Spirit   .   f - +3 chain mail
rPois    .         Reflect  .   (helmet unavailable)
rElec    .         Harm     .   (no cloak)
rCorr    .         Rampage  .   (no gloves)
Will     .....                  (no boots)
Stlth    ..........             (no amulet)
HPRegen  0.20/turn              (no ring)
MPRegen  0.12/turn              (no ring)

@: very slow
A: permanent stasis, dig shafts and tunnels, antennae 3, four strong arms
a: Dig, Renounce Religion, Bend Time, Temporal Distortion, Slouch


You were in the Dungeon.
You worshipped Cheibriados.
Cheibriados was greatly pleased with you.
You visited 1 branch

Inventory:

Hand Weapons
 a - a +0 war axe
 b - a +1 hand axe of freezing (weapon)
Missiles
 d - a curare-tipped dart
Armour
 c - a +0 kite shield (worn)
 f - a +3 chain mail (worn)
Scrolls
 i - 5 scrolls of amnesia
 j - a scroll of summoning
Potions
 e - 3 potions of curing
 g - 5 potions of magic
 h - 2 potions of invisibility
 k - 5 potions of heal wounds


   Skills:
 + Level 7.5 Fighting
 + Level 6.4 Axes
 + Level 7.3 Armour
 + Level 5.3 Dodging
 + Level 8.1 Shields
 + Level 5.4 Invocations


You had 6 spell levels left.
You didn't know any spells.
Your spell library was empty.

Dungeon Overview and Level Annotations

Branches:
Dungeon (1/1)

Altars:
Ashenzari
Cheibriados
Dithmenos
Elyvilon
Fedhas
Gozag
Hepliaklqana
Kikubaaqudgha
Makhleb
Nemelex Xobeh
Okawaru
Qazlal
Ru
Sif Muna
Trog
Uskayaw
Vehumet
Wu Jian
Xom
Yredelemnul
Zin
The Shining One
Beogh
Jiyva
Lugonu

Annotations:
D Prince Ribbit


Innate Abilities, Weirdness & Mutations

You cannot be hasted, slowed, berserked, paralysed or teleported.
You can dig through walls and to a lower floor.
You have a pair of large antennae on your head. (SInv)
Your four strong arms can wield two-handed weapons with a shield.


Message History

The deep elf pyromancer mumbles some strange words.
You hit the deep elf pyromancer. You freeze the deep elf pyromancer.
The deep elf pyromancer is moderately wounded.
You block the deep elf pyromancer's attack.
You hit the deep elf pyromancer but do no damage.
The deep elf pyromancer is moderately wounded.
You hit the fire elemental. You freeze the fire elemental.
You block the deep elf pyromancer's attack.
You block the fire elemental's attack.
You hit the deep elf pyromancer. You freeze the deep elf pyromancer.
The deep elf pyromancer is heavily wounded.
You hit the fire elemental. You freeze the fire elemental.
You block the fire elemental's attack.
The deep elf pyromancer points at you and mumbles some strange words.
The bolt of fire hits you!
You hit the deep elf pyromancer. You freeze the deep elf pyromancer.
The deep elf pyromancer is heavily wounded.
You hit the fire elemental. You freeze the fire elemental.
The fire elemental hits you. The fire elemental burns you!
The deep elf pyromancer hits you but does no damage.
The fire elemental hits you. The fire elemental burns you!
You slash the deep elf pyromancer! You freeze the deep elf pyromancer.
The deep elf pyromancer is almost dead.
You closely miss the fire elemental.
The deep elf pyromancer hits you but does no damage.
The fire elemental hits you. The fire elemental burns you!
You closely miss the deep elf pyromancer.
The deep elf pyromancer is almost dead.
You hit the fire elemental but do no damage.
You block the fire elemental's attack.
The deep elf pyromancer casts a spell.
The deep elf pyromancer blinks!
The fire elemental hits you. The fire elemental burns you!
* * * LOW HITPOINT WARNING * * *
You block the fire elemental's attack. The fire elemental hits you.
The fire elemental burns you!
* * * LOW HITPOINT WARNING * * *
The fire elemental barely misses you. The fire elemental hits you.
The fire elemental burns you!
You die...

#.#........##.......#
{
#.#........##.......#
#'###########.......#
#..)....#{{ #########
#..#.#..#{ #.##.##.#{
{ #.......#+#
#.##.##.#E+ {
#..#.#..#@#
#......eE.# {
###########


You could see a deep elf pyromancer and 2 fire elementals.

Vanquished Creatures
  Sigmund (D)
  2 kobold brigands (D)
  A scorpion (D)
  An orc wizard (D)
  2 gnolls (D)
  A river rat (D)
  A white imp (D)
  An ufetubus (D)
  A ball python (D)
  A bat (D)
  A goblin (D)
  2 jackals (D)
  A quokka zombie (D)
16 creatures vanquished.

Notes
Turn   | Place    | Note
-------+----------+-------------------------------------------
     0 | D        | rocky1 the Formicid Fighter began the quest for the Orb.
     0 | D        | Reached XP level 1. HP: 18/18 MP: 1/1
    11 | D        | Noticed a scorpion
    15 | D        | Killed a scorpion
    16 | D        | Reached skill level 5 in Shields
    16 | D        | Reached XP level 2. HP: 26/26 MP: 2/2
    16 | D        | Reached XP level 3. HP: 32/32 MP: 3/3
    16 | D        | Reached XP level 4. HP: 38/38 MP: 4/4
    20 | D        | Found a bloodstained altar of Trog.
    20 | D        | Found a shimmering blue altar of Sif Muna.
    20 | D        | Found a viscous altar of Jiyva.
    20 | D        | Found a hazy altar of Hepliaklqana.
    20 | D        | Found an opulent altar of Gozag.
    21 | D        | Found a glowing golden altar of the Shining One.
    21 | D        | Found a glowing silver altar of Zin.
    21 | D        | Found a basalt altar of Yredelemnul.
    21 | D        | Found a shimmering altar of Xom.
    21 | D        | Found an ornate altar of the Wu Jian Council.
    21 | D        | Found a sacrificial altar of Ru.
    21 | D        | Found a stormy altar of Qazlal.
    21 | D        | Found an iron altar of Okawaru.
    21 | D        | Found a sparkling altar of Nemelex Xobeh.
    21 | D        | Found a burning altar of Makhleb.
    21 | D        | Found a blossoming altar of Fedhas.
    21 | D        | Found a white marble altar of Elyvilon.
    21 | D        | Found a shadowy altar of Dithmenos.
    21 | D        | Found a snail-covered altar of Cheibriados.
    24 | D        | Found a corrupted altar of Lugonu.
    24 | D        | Found a radiant altar of Vehumet.
    25 | D        | Found an ancient bone altar of Kikubaaqudgha.
    25 | D        | Found a hide-covered altar of Uskayaw.
    25 | D        | Found a broken altar of Ashenzari.
    32 | D        | Became a worshipper of Cheibriados the Contemplative
    78 | D        | Reached * piety under Cheibriados
    88 | D        | Reached skill level 5 in Fighting
    88 | D        | Reached skill level 5 in Armour
    90 | D        | Reached ** piety under Cheibriados
   110 | D        | Reached *** piety under Cheibriados
   115 | D        | HP: 1/39 [gnoll (1)]
   124 | D        | Reached XP level 5. HP: 14/44 MP: 5/5
   356 | D        | Noticed Sigmund
   356 | D        | Noticed a kobold brigand
   356 | D        | Noticed Prince Ribbit
   356 | D        | Noticed a kobold brigand
   378 | D        | Killed Sigmund
   378 | D        | Reached **** piety under Cheibriados
   379 | D        | Reached skill level 5 in Axes
   379 | D        | Reached skill level 7 in Shields
   379 | D        | Reached XP level 6. HP: 15/53 MP: 5/9
   384 | D        | Reached skill level 5 in Dodging
   384 | D        | Reached skill level 8 in Shields
   384 | D        | Reached skill level 5 in Invocations
   384 | D        | Reached XP level 7. HP: 29/60 MP: 0/10
   661 | D        | Noticed a deep elf pyromancer
   663 | D        | Noticed a fire elemental
   663 | D        | Noticed a fire elemental
   669 | D        | Slain by a fire elemental

Illustrated notes

Levels and vault maps discovered:
D:        pitsprint [storerooms_1, entrance_room_1, metal_vault_4, armoury_1,
          mini_pit_1, grid_room_1, main_hall_1, silver_pit, the_coven_3,
          the_vestibule_1, steel_vault_1, golden_pit, hallway_of_sentries,
          crystal_vault_1, iron_vault_1, final_vault]

Skill      XL: |  1  2  3  4  5  6 |
---------------+-------------------+-----
Fighting       | 4 5 6 7 |  7.5
Axes           | 3 4 5 6 |  6.4
Armour         | 4 5 6 7 |  7.3
Dodging        | 2 3 4 5 |  5.3
Shields        | 5 7 8 |  8.1
Invocations    | 4 5 |  5.4

Action                   |  1- 3 |  4- 6 |  7- 9 || total
-------------------------+-------+-------+-------++-------
Melee: War axe           |     3 |    33 |       ||    36
       Hand axe          |       |    11 |    18 ||    29
Invok: Slouch            |       |     1 |       ||     1
  Use: Potion            |       |     5 |       ||     5
Armor: Scale mail        |     1 |    11 |       ||    12
       Chain mail        |       |     6 |     7 ||    13
Dodge: Dodged            |     1 |    17 |     2 ||    20
Block: Kite shield       |     2 |    24 |    12 ||    38

Table legend: (Time is in decaauts)
 A = Elapsed time spent in this place.
 B = Non-inter-level travel time spent in this place.
 C = Inter-level travel time spent in this place.
 D = Time resting spent in this place.
 E = Time spent auto-exploring this place.
 F = Levels seen in this place.
 G = Mean time per level.
                   A        B        C        D        E       F      G
               +--------+--------+--------+--------+--------+-----+--------+
         Total |    856 |    822 |     34 |    279 |      0 |   1 |  856.0 |
       Dungeon |    856 |    822 |     34 |    279 |      0 |   1 |  856.0 |
               +--------+--------+--------+--------+--------+-----+--------+

Top non-repeatable levels by time:
       D: 856 daAuts
